 Adventure DCSS version bcrawl-1.32 (webtiles) character file.

Game seed: 2412036609555260905

73920 Leeroy the Slasher (level 3, 21/21 HPs)
             Began as a Skeleton Skald on Aug 4, 2021.
             Quit the game on level 3 of the Dungeon.
             The game lasted 00:03:04 (2574 turns).

Leeroy the Slasher (Skeleton Skald)                 Turns: 2574, Time: 00:03:05

Health: 21/21      AC:  3    Str: 18    XL:     3   Next: 37%
Magic:  7/7        EV: 12    Int: 11    God:
Gold:   124        SH:  1    Dex:  9    Spells: 7/8 levels left
                                        Lives:  1   Deaths: 1

rFire    . . .     SeeInvis .   a - +0 long sword
rCold    + . .     Gourm    .   (no shield)
rNeg     + + +     Faith    .   b - +0 leather armour
rPois    ∞         Spirit   +   (no helmet)
rElec    .         Reflect  .   (no cloak)
rCorr    .         Harm     .   (no gloves)
MR       .....                  (no boots)
Stlth    +.........             (no amulet)
HPRegen  0.07/turn              (no ring)
MPRegen  0.10/turn              (no ring)

@: no status effects
A: no food or potions, cold resistance 1, deterioration 1, negative energy
resistance 3, torment resistance, unbreathing, magic shield, sturdy frame 1,
spell healing
a: no special abilities


You were on level 3 of the Dungeon.
You were not hungry.

You visited 1 branch of the dungeon, and saw 3 of its levels.

You collected 124 gold pieces.

Inventory:

Hand Weapons
 a - a +0 long sword (weapon)
Missiles
 f - 92 poisoned tomahawks (quivered)
Armour
 b - a +0 leather armour (worn)
Jewellery
 h - the cursed amulet of Tomorrow {Inacc rPois, unknown}
   (You found it on level 2 of the Dungeon)

   [amulet of inaccuracy]

   It reduces the accuracy of all your attacks.
   It protects you from poison.
   It has a curse placed upon it.
Scrolls
 c - 2 scrolls of blinking
 d - 2 scrolls of fear
 e - a scroll of immolation
 g - a scroll of teleportation {unknown}
 i - a scroll of remove curse {unknown}


   Skills:
 - Level 2.0 Fighting
 + Level 5.7 Long Blades
 - Level 1.1 Armour
 - Level 2.0 Dodging
 - Level 3.0 Spellcasting
 - Level 3.2 Charms


You had 7 spell levels left.
You knew the following spells:

 Your Spells              Type           Power        Failure   Level  Hunger
a - Infusion              Chrm           #.......     7%          1    N/A

Your spell library contained the following spells:

 Spells                   Type           Power        Failure   Level  Hunger
 Song of Slaying          Chrm           #.......     11%         2    N/A
 Swiftness                Chrm/Air       #.......     22%         2    N/A
 Ozocubu's Armour         Chrm/Ice       #.......     38%         3    N/A
 Spectral Weapon          Hex/Chrm       #.......     38%         3    N/A
 Regeneration             Chrm/Necr      Unusable     N/A         3    N/A

Dungeon Overview and Level Annotations

Branches:
Dungeon (3/12)

Altars:
Dithmenos
Sif Muna


Innate Abilities, Weirdness & Mutations

You do not eat or drink.
You are immune to poison.
Your flesh is cold resistant. (rC+)
Your body sometimes deteriorates upon taking damage.
You are immune to negative energy. (rN+++)
You are immune to unholy pain and torment.
You can survive without breathing.
When hurt, damage is shared between your health and your magic reserves.
Your movements are slightly less encumbered by armour. (ER -2)
Casting spells heals you.


Message History

The kobold shouts!
The crimson imp breathes fire at you. The flame tongue hits you.
* * * LOW HITPOINT WARNING * * *
The kobold unwields a +0 falchion.
The kobold wields a +0 blowgun.
The kobold shoots a poisoned needle.
The poisoned needle barely misses you.
You hit the crimson imp but do no damage.
The crimson imp is moderately wounded.
The crimson imp hits you.
* * * LOW HITPOINT WARNING * * *
The crimson imp laughs crazily.
The crimson imp misses you. The crimson imp breathes fire at you.
The flame tongue hits you!
You die...
Xom reaches out...
You are now level 3!
You rejoin the land of the living...
Unknown command.
Are you sure you want to abandon this character and quit the game? (Confirm with "yes".)

### ..#
#.# # #.#
#. #.#
#.##.#.##
#.....@.#
#.##^##.#
# .# . .#
# .# # .#
##


There were no monsters in sight!

Vanquished Creatures
  An adder (D:2)
  2 oozes
  2 worms (D:2)
  3 dart slugs
  5 leopard geckos
  A ball python (D:2)
  6 giant cockroaches
  5 goblins
  7 hobgoblins
  2 jackals (D:1)
  A quokka (D:2)
  2 bats (D:2)
  6 frilled lizards
  7 kobolds
  7 rats
57 creatures vanquished.

Notes
Turn   | Place    | Note
-------+----------+-------------------------------------------
     0 | D:1      | Leeroy the Skeleton Skald began the quest for the Orb.
     0 | D:1      | Reached XP level 1. HP: 12/12 MP: 4/4
   172 | D:1      | Reached skill level 3 in Long Blades
   334 | D:1      | Reached XP level 2. HP: 17/17 MP: 6/6
   620 | D:1      | Reached skill level 4 in Long Blades
   876 | D:1      | Reached XP level 3. HP: 20/21 MP: 4/7
  1390 | D:2      | Found a shadowy altar of Dithmenos.
  1391 | D:2      | Found a shimmering blue altar of Sif Muna.
  1396 | D:2      | Reached skill level 5 in Long Blades
  1773 | D:2      | Reached XP level 4. HP: 19/26 MP: 4/8
  2125 | D:2      | Got a translucent ruby amulet
  2158 | D:2      | HP: 1/26 [goblin (1)]
  2567 | D:3      | HP: 1/25 [crimson imp (2)]
  2573 | D:3      | Killed from afar by a crimson imp
  2574 | D:3      | Reached XP level 3. HP: -9/20 MP: 0/7
  2574 | D:3      | Quit the game

Skill      XL: |  1  2  3 |
---------------+----------+-----
Long Blades    | 3 4 5 |  5.7
Fighting       | |  2.0
Armour         | |  1.1
Dodging        | |  2.0
Spellcasting   | |  3.0
Charms         | |  3.2

Action                   |  1- 3 |  4- 6 || total
-------------------------+-------+-------++-------
Melee: Long sword        |   177 |   101 ||   278
 Cast: Infusion          |       |     1 ||     1
  Use: Scroll            |     2 |       ||     2
Armor: Leather armour    |    42 |    24 ||    66
Dodge: Dodged            |    96 |    66 ||   162
